 Dungeon Crawl Stone Soup version 0.21-a0-632-g1e37ce5188 (webtiles) character file.

104979 RaHiT the Impaler (level 15, -6/103 HPs)
             Began as a Demigod Skald on Dec 27, 2017.
             Mangled by a phantasmal warrior (22 damage)
             ... led by a death knight
             ... on level 14 of the Dungeon.
             The game lasted 03:59:00 (25292 turns).

RaHiT the Impaler (Demigod Skald)                  Turns: 25292, Time: 03:59:00

Health: -6/103     AC: 26    Str: 28    XL:     15   Next: 46%
Magic:  39/42      EV: 12    Int: 17    God:
Gold:   2259       SH:  0    Dex: 21    Spells: 7/34 levels left

rFire    + . .     SeeInvis +   T - +2 glaive (flame)
rCold    . . .     Gourm    .   (shield currently unavailable)
rNeg     . . .     Faith    .   c - +10 scale mail of Rafajus {*Corrode MR+++ Dex+4 Stlth+}
rPois    .         Spirit   .   K - +0 helmet
rElec    .         Reflect  .   (no cloak)
rCorr    .         Harm     .   (no gloves)
MR       ++++.                  l - +1 pair of boots of Ymnoihir {rF+ Regen+ Str+2}
Stlth    +.........             (no amulet)
HPRegen  1.67/turn              W - ring of magical power
MPRegen  0.28/turn              N - +6 ring of strength

@: about to teleport, regenerating (expiring)
A: molten scales 1, slimy green scales 1, see invisible, dopey 1, frail 1, high
mp 1
a: no special abilities


You were on level 14 of the Dungeon.
You were hungry.

You visited 3 branches of the dungeon, and saw 22 of its levels.
You also visited: Labyrinth, Sewer, Ice Cave and Volcano.

You collected 2385 gold pieces.
You spent 126 gold pieces at shops.

Inventory:

Hand Weapons
 i - a +0 blowgun
 w - a +5 halberd of freezing
 L - the +8 trident of the Octopus King {venom, rElec rPois MR+}
   (You found it on level 6 of the Lair of Beasts)

   It poisons the flesh of those it strikes.
   It insulates you from electricity.
   It protects you from poison.
   It affects your resistance to hostile enchantments.
 P - a +0 trident of protection
 S - a +0 bardiche of protection
 T - a +2 glaive of flaming (weapon)
Missiles
 p - 15 curare-tipped needles
 t - 33 tomahawks (quivered)
Armour
 c - the +10 scale mail of Rafajus (worn) {*Corrode MR+++ Dex+4 Stlth+}
   (You found it on level 6 of the Lair of Beasts)

   It affects your dexterity (+4).
   It affects your resistance to hostile enchantments.
   It may corrode you when you take damage.
   It makes you more stealthy.
 l - the +1 pair of boots of Ymnoihir (worn) {rF+ Regen+ Str+2}
   (You found it on level 13 of the Dungeon)

   It affects your strength (+2).
   It protects you from fire.
   It increases your rate of regeneration.
 F - a +0 buckler of reflection
 K - a +0 helmet (worn)
 R - a +3 ring mail of fire resistance
Jewellery
 N - a +6 ring of strength (right hand)
 O - an uncursed ring of see invisible
 W - a ring of magical power (left hand)
Wands
 b - a wand of paralysis (29)
 y - a wand of flame (96)
 C - a wand of digging (6)
 D - a wand of random effects (25)
 G - a wand of clouds (11)
 Q - a wand of iceblast (15)
 U - a wand of disintegration (9)
Scrolls
 a - 11 scrolls of remove curse
 e - 4 scrolls of fear
 h - a scroll of summoning
 j - 6 scrolls of enchant armour
 k - 3 scrolls of amnesia
 n - 3 scrolls of immolation
 q - 2 scrolls of enchant weapon
 r - 6 scrolls of teleportation
 z - a scroll of holy word
 A - 2 scrolls of noise
 E - 5 scrolls of identify
 J - 3 scrolls of fog
Potions
 f - 6 potions of flight
 m - 14 potions of curing
 o - 6 potions of agility
 s - 5 potions of might
 v - 7 potions of heal wounds
 x - 8 potions of brilliance
 I - 2 potions of ambrosia
 V - a potion of haste
 X - 2 potions of cancellation
Books
 g - a book of Spatial Translocations

   Spells                             Type                      Level
   a - Blink                          Translocation                2
   b - Shroud of Golubria             Charms/Translocation         2
   c - Lesser Beckoning               Translocation                3
   d - Gell's Gravitas                Translocation                3
   e - Teleport Other                 Translocation                3
   f - Passage of Golubria            Translocation                4
 u - a Necronomicon

   Spells                             Type                      Level
   a - Haunt                          Necromancy/Summoning         7
   b - Borgnjor's Revivification      Necromancy                   8
   c - Death's Door                   Charms/Necromancy            8
   d - Infestation                    Necromancy                   8
   e - Necromutation                  Transmutation/Necromancy     8
Miscellaneous
 M - a lightning rod (4/4)
 Y - a sack of spiders
 Z - a phantom mirror
Comestibles
 d - 29 rations
 B - 7 chunks of flesh


   Skills:
 - Level 6.0 Fighting
 + Level 15.7 Polearms
 - Level 10.0 Armour
 - Level 3.0 Dodging
 - Level 10.0 Spellcasting
 - Level 6.0 Hexes
 - Level 6.0 Charms
 - Level 4.0 Necromancy
 - Level 6.0 Translocations
 + Level 9.6 Evocations


You had 7 spell levels left.
You knew the following spells:

 Your Spells              Type           Power        Failure   Level  Hunger
a - Infusion              Chrm           ####         1%          1    None
b - Shroud of Golubria    Chrm/Tloc      ####......   1%          2    None
c - Spectral Weapon       Hex/Chrm       ####....     4%          3    None
d - Song of Slaying       Chrm           ####....     1%          2    None
e - Regeneration          Chrm/Necr      ####......   6%          3    None
f - Swiftness             Chrm/Air       ###.....     7%          2    None
g - Apportation           Tloc           ####..       1%          1    None
h - Lesser Beckoning      Tloc           ####......   4%          3    None
i - Animate Skeleton      Necr           N/A          3%          1    None
j - Blink                 Tloc           N/A          1%          2    None
k - Passage of Golubria   Tloc           N/A          13%         4    ###....
l - Teleport Other        Tloc           ####....     4%          3    None


Dungeon Overview and Level Annotations

Branches:
Dungeon (14/15)            Temple (0/1) D:7            Lair (6/6) D:8
  Swamp (0/4) Lair:2       Spider (0/4) Lair:2        Slime (0/5) Lair:6
    Orc (2/2) D:10            Elf (0/3) Orc:2        Vaults (0/5) D:14

Shops:
D:6 =   D:8 =   D:10 (   D:11 =   Orc:2 ?!(}

Annotations:
D:14 Agnes
Lair:5 exclusion: 2 oklob plants
Lair:6 exclusion: 3 oklob plants


Innate Abilities, Weirdness & Mutations

You have an increased reservoir of magic. (+10% MP)
You are partially covered in molten scales. (AC +2)
You are partially covered in slimy green scales. (AC +2)
You have supernaturally acute eyesight. (SInv)
You are dopey. (Int -2)
You are frail. (-10% HP)


Message History

Attack whom?
Press: ? - help, Dir - move target cursor, f/p - phantasmal warrior
Aim: a phantasmal warrior You could not reach far enough!
Agnes evokes her amulet.
Agnes goes berserk!
You closely miss the phantasmal warrior.
Your spectral weapon hits the phantasmal warrior.
Your spectral weapon burns the phantasmal warrior.
The phantasmal warrior closely misses you.
Agnes barely misses you.
As you read the scroll of teleportation, it crumbles to dust.
You feel strangely unstable. Agnes hits you with a lajatang!!
The manticore flicks its tail.
The volley of spikes hits you!
The phantasmal warrior closely misses you.
Agnes hits you with a lajatang!
Your skin is crawling a little less now.
Agnes hits you with a lajatang!!
* * * LOW HITPOINT WARNING * * *
The phantasmal warrior hits you!!
You die...

####################
....!...............
....................
#.....................
#........@.............#
#.......(Wi.............
#.......................
#......H..............#
#.........#####......###
#.........# #........∩
#.........# #......####
#.........# #.......#?
#..<......#####.#.......


You could see Agnes (berserk), a manticore, a phantasmal warrior and a friendly
spectral glaive of flaming.

Vanquished Creatures
  Rupert (Lair:3)
  Gastronok (Lair:3)
  A frost giant (IceCv)
  A stone giant (Orc:2)
  A minotaur (Lab)
  An ettin (D:10)
  Fannar (Lair:2)
  A death knight (D:14)
  A merfolk avatar (Lair:6)
  7 hydras
  A centaur warrior (D:13)
  4 two-headed ogres
  2 dancing weapons (D:14)
  A death yak (D:8)
  An ogre mage (Orc:1)
  Urug (Lair:5)
  11 orc high priests
  5 skeletal warriors (D:14)
  A sea snake (Lair:6)
  An unseen horror (D:13)
  The ghost of Conn321 the Magician, a novice OpFE of Sif Muna (D:8)
  2 lindwurms (Volcano)
  A harpy (Lair:6)
  4 ugly things
  3 orc sorcerers
  An orc knight (Orc:2)
  2 cyclopes (D:14)
  4 manticores
  6 slime creatures (D:14)
  12 elephants
  Joseph (D:10)
  An ice statue (IceCv)
  3 black mambas
  4 gargoyles (Lab)
  3 molten gargoyles (Volcano)
  3 torpor snails (Lair:5)
  16 spiny frogs
  13 komodo dragons
  A kobold demonologist (D:12)
  2 rime drakes
  3 efreet (Volcano)
  2 freezing wraiths (D:13)
  5 trolls
  A wind drake (Lair:6)
  4 hornets
  A hippogriff (shapeshifter) (D:13)
  20 polar bears
  Prince Ribbit (D:7)
  9 dream sheep
  7 hippogriffs
  16 blink frogs
  2 redbacks (Lab)
  A vampire (D:14)
  2 shadows (Lab)
  2 wyverns
  61 yaks
  5 fire elementals
  13 vampire mosquitoes
  6 hungry ghosts
  10 basilisks
  An acid dragon (D:11)
  10 wargs (Orc:2)
  A soldier ant (D:12)
  2 hell hounds (Lair:1)
  10 water moccasins
  4 porcupines
  5 ice beasts
  2 eyes of draining
  A sky beast (D:7)
  4 phantoms
  2 black bears
  26 orc warriors
  7 ogres
  22 wolves
  12 centaurs
  11 crocodiles
  6 big kobolds
  16 bullfrogs
  2 gnoll sergeants
  A wyvern zombie (D:14)
  3 earth elementals (Volcano)
  2 wyvern skeletons
  7 scorpions
  16 killer bees
  6 wights
  4 electric eels (Lair:2)
  A howler monkey (D:10)
  5 crimson imps
  3 bullfrog zombies
  4 hounds
  8 jellies
  5 bullfrog skeletons
  32 orc priests
  2 centaur zombies
  31 orc wizards
  2 centaur skeletons (D:10)
  11 iguanas
  11 worker ants
  The ghost of ciphuk the Vexing, a weakling GnAM (D:3)
  A hound skeleton (D:4)
  9 gnolls
  10 river rats
  20 adders
  A howler monkey skeleton (D:4)
  3 shadow imps
  12 white imps (Lair:4)
  8 oozes
  3 worms
  A dart slug (D:1)
  8 leopard geckos
  99 orcs
  5 ball pythons
  6 bats
  7 giant cockroaches
  3 goblins
  6 hobgoblins
  10 jackals
  7 quokkas
  A ball python zombie (D:5)
  9 frilled lizards
  29 kobolds
  A quokka skeleton (D:4)
  A quokka zombie (D:7)
  24 rats
  2 fire vortices (Volcano)
  A spectral weapon (Orc:2)
884 creatures vanquished.

Vanquished Creatures (collateral kills)
  2 two-headed ogres (Orc:2)
  2 orc knights (Orc:2)
  An ugly thing (D:11)
  An elephant (Lair:6)
  A rime drake (Lair:6)
  A troll (Orc:2)
  A hippogriff (D:11)
  A wyvern (Lair:6)
  2 vampire mosquitoes
  An orc warrior (Orc:2)
  An ogre (Orc:2)
  A hound (D:11)
  An orc priest (Orc:2)
  A hound zombie (D:11)
  2 gnolls (Orc:2)
  9 orcs (Orc:2)
  2 fungi (Lair:6)
  A plant (Lair:6)
31 creatures vanquished.

Vanquished Creatures (others)
  A bush (Lair:6)
  3 fungi (Lair:6)
  23 plants
  51 spectral weapons
  5 toadstools (D:1)
83 creatures vanquished.

Grand Total: 998 creatures vanquished

Notes
Turn   | Place    | Note
-------+----------+-------------------------------------------
     0 | D:1      | RaHiT the Demigod Skald began the quest for the Orb.
     0 | D:1      | Reached XP level 1. HP: 17/17 MP: 5/5
    56 | D:1      | Reached skill level 1 in Armour
   313 | D:1      | Reached XP level 2. HP: 22/24 MP: 7/7
   359 | D:1      | Reached skill level 2 in Polearms
   430 | D:1      | Learned a level 2 spell: Shroud of Golubria
  1093 | D:2      | Reached XP level 3. HP: 24/29 MP: 8/8
  1215 | D:2      | Found a glowing silver altar of Zin.
  1236 | D:2      | Found an ancient bone altar of Kikubaaqudgha.
  1238 | D:2      | Found a sparkling altar of Nemelex Xobeh.
  1238 | D:2      | Found a hide-covered altar of Uskayaw.
  1294 | D:2      | Learned a level 3 spell: Spectral Weapon
  1555 | D:2      | Reached skill level 3 in Polearms
  1741 | D:3      | Noticed ciphuk's ghost (weakling GnAM)
  1793 | D:3      | Killed ciphuk's ghost
  2013 | D:3      | Reached XP level 4. HP: 36/36 MP: 9/9
  2334 | D:4      | Noticed an orc warrior
  2503 | D:4      | Killed an orc warrior
  2503 | D:4      | Reached skill level 4 in Polearms
  2503 | D:4      | Reached skill level 1 in Hexes
  2503 | D:4      | Reached XP level 5. HP: 13/41 MP: 10/10
  3297 | D:4      | Reached XP level 6. HP: 40/48 MP: 6/11
  3305 | D:4      | Reached skill level 5 in Polearms
  3794 | D:4      | Reached XP level 7. HP: 53/55 MP: 13/13
  4149 | D:4      | Gained mutation: You possess an exceptional clarity of mind. [potion of mutation]
  4149 | D:4      | Lost mutation: You possess an exceptional clarity of mind. [potion of mutation]
  4149 | D:4      | Gained mutation: You can translocate small distances at will. [potion of mutation]
  4154 | D:4      | Lost mutation: You can translocate small distances at will. [potion of mutation]
  4154 | D:4      | Gained mutation: You are weak. (Str -2) [potion of mutation]
  4154 | D:4      | Gained mutation: You have sharp toenails. [potion of mutation]
  4154 | D:4      | Gained mutation: You expend magic power (3 MP) to strengthen your wands. [potion of mutation]
  4154 | D:4      | Gained mutation: You are partially covered in icy blue scales. (AC +2) [potion of mutation]
  4155 | D:4      | Lost mutation: You have sharp toenails. [potion of mutation]
  4155 | D:4      | Lost mutation: You expend magic power (3 MP) to strengthen your wands. [potion of mutation]
  4155 | D:4      | Lost mutation: You are weak. (Str -2) [potion of mutation]
  4155 | D:4      | Lost mutation: You are partially covered in icy blue scales. (AC +2) [potion of mutation]
  4155 | D:4      | Gained mutation: You are dopey. (Int -2) [potion of mutation]
  4155 | D:4      | Gained mutation: Your natural rate of healing is unusually fast. [potion of mutation]
  4155 | D:4      | Gained mutation: You are clumsy. (Dex -2) [potion of mutation]
  4155 | D:4      | Gained mutation: You have a somewhat thin skeletal structure. (Dex +2, Stealth) [potion of mutation]
  4302 | D:5      | Entered Level 5 of the Dungeon
  4365 | D:5      | Found a glowing drain.
  4375 | Sewer    | Entered a sewer
  4553 | Sewer    | Reached skill level 6 in Polearms
  5083 | D:5      | You fall through a shaft!
  5141 | D:6      | Reached XP level 8. HP: 62/62 MP: 6/15
  5415 | D:5      | Found a sacrificial altar of Ru.
  6140 | D:6      | Reached skill level 7 in Polearms
  6188 | D:6      | Learned a level 2 spell: Song of Slaying
  6192 | D:6      | Learned a level 3 spell: Regeneration
  6360 | D:6      | Reached skill level 1 in Necromancy
  6621 | D:6      | Identified a scroll of acquirement
  6869 | D:6      | Found Zeomano's Jewellery Shoppe.
  7027 | D:7      | Found a staircase to the Ecumenical Temple.
  7050 | D:7      | Reached XP level 9. HP: 69/69 MP: 17/20
  7117 | D:7      | Reached skill level 5 in Spellcasting
  7167 | D:7      | Reached skill level 8 in Polearms
  7167 | D:7      | Reached skill level 1 in Evocations
  7262 | D:7      | Found a stormy altar of Qazlal.
  7373 | D:7      | Noticed Prince Ribbit
  7419 | D:7      | Killed Prince Ribbit
  7945 | D:8      | Reached skill level 5 in Armour
  7986 | D:8      | Found a glowing golden altar of the Shining One.
  8033 | D:8      | Noticed Conn321's ghost (novice OpFE)
  8036 | D:8      | Noticed a death yak
  8100 | D:8      | Killed Conn321's ghost
  8107 | D:8      | Killed a death yak
  8107 | D:8      | Reached skill level 9 in Polearms
  8107 | D:8      | Reached skill level 5 in Charms
  8107 | D:8      | Reached XP level 10. HP: 53/77 MP: 14/21
  8168 | D:8      | Noticed an elephant
  8181 | D:8      | Killed an elephant
  8181 | D:8      | Reached skill level 1 in Translocations
  8202 | D:8      | Noticed a two-headed ogre
  8207 | D:8      | Killed a two-headed ogre
  8272 | D:8      | Found a staircase to the Lair.
  8425 | D:8      | Found Ofiokhlo's Jewellery Emporium.
  8550 | D:8      | Found a shimmering altar of Xom.
  8559 | D:8      | Identified Sif Muna's Tome of Flight and the Volcanoes
  8563 | D:8      | Learned a level 2 spell: Swiftness
  9263 | D:9      | Reached skill level 5 in Fighting
  9263 | D:9      | Reached skill level 10 in Polearms
  9366 | D:9      | Found a basalt altar of Yredelemnul.
 10002 | D:10     | Entered Level 10 of the Dungeon
 10200 | D:10     | Reached XP level 11. HP: 88/88 MP: 19/22
 10326 | D:10     | Noticed Joseph
 10355 | D:10     | Killed Joseph
 10633 | D:10     | Found a staircase to the Orcish Mines.
 10637 | D:10     | Found Nuofous's Weapon Boutique.
 11672 | Lair:1   | Entered Level 1 of the Lair of Beasts
 11697 | Lair:1   | Noticed a seven-headed hydra
 11704 | Lair:1   | Killed an 11-headed hydra
 11780 | Lair:1   | Found a dark tunnel.
 11796 | Volcano  | Entered a volcano
 11856 | Volcano  | Noticed a lindwurm
 11856 | Volcano  | Noticed a lindwurm
 12120 | Volcano  | Killed a lindwurm
 12124 | Volcano  | Killed a lindwurm
 12303 | Lair:1   | Reached skill level 5 in Hexes
 12632 | Lair:1   | Lost mutation: Your natural rate of healing is unusually fast. [potion of mutation]
 12632 | Lair:1   | Lost mutation: You are clumsy. (Dex -2) [potion of mutation]
 12632 | Lair:1   | Lost mutation: You are dopey. (Int -2) [potion of mutation]
 12632 | Lair:1   | Gained mutation: You are robust. (+10% HP) [potion of mutation]
 12632 | Lair:1   | Lost mutation: You are robust. (+10% HP) [potion of mutation]
 12632 | Lair:1   | Gained mutation: You are partially covered in iridescent scales. (AC +2) [potion of mutation]
 12839 | Lair:2   | Noticed a six-headed hydra
 12855 | Lair:2   | Killed a ten-headed hydra
 12855 | Lair:2   | Reached XP level 12. HP: 66/96 MP: 20/25
 13011 | Lair:2   | Reached skill level 11 in Polearms
 13035 | Lair:2   | Found a staircase to the Swamp.
 13072 | Lair:2   | Found a hole to the Spider Nest.
 13139 | Lair:2   | Reached skill level 5 in Evocations
 13290 | Lair:2   | Noticed Fannar
 13312 | Lair:2   | Killed Fannar
 13478 | Lair:2   | Noticed a six-headed hydra
 13485 | Lair:2   | Killed a three-headed hydra
 13818 | Lair:3   | Learned a level 1 spell: Apportation
 13822 | Lair:3   | Learned a level 3 spell: Lesser Beckoning
 13845 | Lair:3   | Noticed Gastronok
 13868 | Lair:3   | Noticed Rupert
 13873 | Lair:3   | Killed Gastronok
 13881 | Lair:3   | Killed Rupert
 14166 | Lair:3   | Reached skill level 12 in Polearms
 14637 | Lair:4   | Reached XP level 13. HP: 92/102 MP: 28/28
 14809 | Lair:4   | Found a frozen archway.
 14866 | IceCv    | Entered an ice cave
 15318 | IceCv    | Noticed a frost giant
 15415 | IceCv    | Lost mutation: You have a somewhat thin skeletal structure. (Dex +2, Stealth) [potion of mutation]
 15415 | IceCv    | Lost mutation: You are partially covered in iridescent scales. (AC +2) [potion of mutation]
 15415 | IceCv    | Gained mutation: You are partially covered in molten scales. (AC +2) [potion of mutation]
 15415 | IceCv    | Gained mutation: You are covered in fur. (AC +1) [potion of mutation]
 15415 | IceCv    | Gained mutation: You are frail. (-10% HP) [potion of mutation]
 15415 | IceCv    | Gained mutation: You have a pair of small antennae on your head. [potion of mutation]
 15416 | IceCv    | Lost mutation: You have a pair of small antennae on your head. [potion of mutation]
 15416 | IceCv    | Lost mutation: You are covered in fur. (AC +1) [potion of mutation]
 15416 | IceCv    | Gained mutation: You are partially covered in slimy green scales. (AC +2) [potion of mutation]
 15416 | IceCv    | Gained mutation: You are dopey. (Int -2) [potion of mutation]
 15416 | IceCv    | Gained mutation: You have supernaturally acute eyesight. (SInv) [potion of mutation]
 15484 | IceCv    | Killed a frost giant
 15743 | IceCv    | Reached skill level 5 in Translocations
 16041 | Lair:4   | Reached skill level 13 in Polearms
 16604 | Lair:5   | Noticed Urug
 16615 | Lair:5   | Killed Urug
 17000 | Lair:5   | Found a runed door.
 17300 | Lair:5   | Got a warped platinum ring
 17301 | Lair:5   | Identified the ring "Joschoph" {Int+5 Stlth+} (You found it on level 5 of the Lair of Beasts)
 17473 | Lair:6   | Entered Level 6 of the Lair of Beasts
 17903 | Lair:6   | Reached XP level 14. HP: 97/99 MP: 31/31
 18030 | Lair:6   | Reached skill level 14 in Polearms
 18207 | Lair:6   | Learned a level 1 spell: Animate Skeleton
 18392 | Lair:6   | Found a staircase to the Slime Pits.
 18469 | Lair:6   | Found the +8 trident of the Octopus King {venom, rElec rPois MR+}
 18494 | Lair:6   | Identified the +10 scale mail of Rafajus {*Corrode MR+++ Dex+4 Stlth+} (You found it on level 6 of the Lair of Beasts)
 18936 | Orc:1    | Entered Level 1 of the Orcish Mines
 19250 | Orc:2    | Entered Level 2 of the Orcish Mines
 19407 | Orc:2    | Found a staircase to the Elven Halls.
 19592 | Orc:2    | Reached skill level 10 in Spellcasting
 19662 | Orc:2    | Found a roughly hewn altar of Beogh.
 19704 | Orc:2    | Found Giraes's Antique Weapon Boutique.
 19740 | Orc:2    | Found Inacoack's Gadget Emporium.
 19978 | Orc:2    | Found Zejod's Magic Scroll Boutique.
 19978 | Orc:2    | Found Lehobeju's Distillery.
 20895 | Orc:1    | Found a roughly hewn altar of Beogh.
 21147 | D:10     | Bought a +0 bardiche for 126 gold pieces
 21232 | D:11     | Found Icutocw's Jewellery Shoppe.
 21401 | D:11     | Reached skill level 15 in Polearms
 21822 | D:12     | Found a labyrinth entrance.
 21833 | Lab      | Entered a labyrinth
 22945 | Lab      | Found the +7 Spriggan's Knife {MR+ EV+4 Dex+4 Stlth+}
 22946 | Lab      | Identified the +2 robe of the Snail {rN+} (You found it in a labyrinth)
 22989 | Lab      | Learned a level 2 spell: Blink
 22994 | Lab      | Learned a level 4 spell: Passage of Golubria
 22998 | Lab      | Learned a level 3 spell: Teleport Other
 23053 | D:12     | Reached XP level 15. HP: 103/103 MP: 33/33
 24505 | D:13     | Identified the +1 pair of boots of Ymnoihir {rF+ Regen+ Str+2} (You found it on level 13 of the Dungeon)
 24719 | D:14     | Reached skill level 10 in Armour
 24940 | D:14     | Found a gate to the Vaults.
 24940 | D:14     | Noticed Agnes
 25292 | D:14     | Mangled by a phantasmal warrior

Vault maps used:
D:1:      ldierk_walled_garden, eino_curves_03, minmay_distorted
D:2:      grunt_temple_overflow_open
D:3:      minmay_misc_feat_secret_circle
D:4:      first_ration, guppyfry_early_lair_pool
D:5:      gup_sewer_entry_bowl, nicolae_ru_sacrificial_ziggurat
D:6:      serial_shops, kennysheep_mini, grunt_ministairs_5
D:7:      minmay_temple_entry_nine_rooms, grunt_qazlal_sundering,
          uniq_prince_ribbit1
D:8:      xom_butterflies, nicolae_tso_carved_into_rock, david_lair_generic,
          serial_shops, shop
D:9:      lemuel_doored_altar, hangedman_little_slice_of_home
D:10:     orc_david_3, hangedman_abyss_or_decor_jellyfish_corner, uniq_joseph
D:11:     serial_shops, nicolae_shop_waterfront
D:12:     lab_entry_generic
D:14:     erik_vaults_1, solitary_fountain, uniq_agnes
Lair:1:   enter_volcano_3, st_stairs_13, infiniplex_staircase_pool_2
Lair:2:   minmay_swamp_entry_eels, dummy_spider_entry, grunt_megastairs_4,
          uniq_fannar
Lair:3:   beast_lair_carwin_large_3, uniq_gastronok, uniq_rupert
Lair:4:   portal_ice_cave_entry_imps, grunt_megastairs_5
Lair:5:   pf_torpor_hydra, minmay_lair_oklob_chamber, uniq_urug
Lair:6:   gammafunk_lair_ancient_temple, minmay_slime_entry_oklob_open,
          infiniplex_staircase_pool
Orc:1:    basic_altar
Orc:2:    st_orc_town
Lab:      nicolae_lab_dead_end, nicolae_lab_big_swirl, lab_fountain,
          nicolae_lab_garden, nicolae_lab_blocks, labyrinth_skeletal_remains
Sewer:    sewer_minmay_treatment
IceCv:    ice_cave_small_giant
Volcano:  volcano_aerie

Skill      XL: |  1  2  3  4  5  6  7  8  9 10 11 12 13 14 15 |
---------------+----------------------------------------------+-----
Armour         | 1 2 3 5 6 7 8 9 10 | 10.0
Dodging        | 2 3 |  3.0
Fighting       | 2 3 5 6 |  6.0
Polearms       | 2 3 4 5 6 7 9 10 12 13 15 | 15.7
Spellcasting   | 2 3 4 5 6 7 9 10 | 10.0
Charms         | 3 5 6 |  6.0
Hexes          | 1 2 3 5 6 |  6.0
Necromancy     | 2 4 |  4.0
Evocations     | 2 4 6 8 9 |  9.6
Translocations | 3 6 |  6.0

Action                   |  1- 3 |  4- 6 |  7- 9 | 10-12 | 13-15 || total
-------------------------+-------+-------+-------+-------+-------++-------
Melee: Spear             |   136 |   136 |   312 |       |       ||   584
       Halberd           |       |       |    91 |   424 |   187 ||   702
       Glaive            |       |       |       |    34 |   399 ||   433
       Trident           |       |       |       |       |   619 ||   619
       Bardiche          |       |       |       |       |    29 ||    29
Throw: Stone             |    20 |    19 |    37 |       |       ||    76
       Tomahawk          |       |       |    13 |    46 |    40 ||    99
 Cast: Spectral Weapon   |     1 |     4 |    38 |    62 |   148 ||   253
       Infusion          |     1 |       |       |       |       ||     1
       Shroud of Golubri |       |     4 |    23 |    35 |    79 ||   141
       Song of Slaying   |       |       |     2 |     1 |     2 ||     5
       Regeneration      |       |       |     4 |    31 |   119 ||   154
       Apportation       |       |       |       |       |     5 ||     5
       Animate Skeleton  |       |       |       |       |   102 ||   102
       Blink             |       |       |       |       |     2 ||     2
       Teleport Other    |       |       |       |       |     1 ||     1
Evoke: Wand              |       |       |       |    17 |    59 ||    76
       Lightning rod     |       |       |       |     5 |       ||     5
  Use: Scroll            |     5 |     2 |    11 |     7 |    25 ||    50
       Potion            |     4 |       |     4 |     2 |     5 ||    15
 Stab: Sleeping          |     4 |     1 |     8 |     5 |     8 ||    26
       Distracted        |       |       |       |     6 |    20 ||    26
       Fleeing           |       |       |       |       |     1 ||     1
  Eat: Chunk             |     4 |     3 |    19 |    23 |    38 ||    87
       Ration            |       |     1 |       |     2 |     2 ||     5
Armor: Leather armour    |    17 |    18 |    32 |    68 |    83 ||   218
       Robe              |       |       |       |       |    28 ||    28
       Scale mail        |       |       |       |       |   280 ||   280
Dodge: Dodged            |    56 |    37 |   148 |   188 |   486 ||   915

Table legend:
 A = Spawn XP
 B = Non-spawn XP
 C = Spawn XP percentage of total XP
 D = Spawn monster count
 E = Non-spawn monster count
 F = Spawn count percentage of total count
 G = Total turns spent on level
                    A         B        C        D         E        F      G
               +---------+---------+-------+---------+---------+-------+---------
         Total |       0 |  149970 |   0.0 |       0 |     909 |   0.0 | 25292
               +---------+---------+-------+---------+---------+-------+---------
           D:1 |       0 |      33 |   0.0 |       0 |      19 |   0.0 |   900
           D:2 |       0 |      53 |   0.0 |       0 |      17 |   0.0 |   738
           D:3 |       0 |      50 |   0.0 |       0 |      15 |   0.0 |  1131
           D:4 |       0 |     813 |   0.0 |       0 |      30 |   0.0 |  1533
           D:5 |       0 |     641 |   0.0 |       0 |      34 |   0.0 |  1070
           D:6 |       0 |    1008 |   0.0 |       0 |      26 |   0.0 |  1080
           D:7 |       0 |    1926 |   0.0 |       0 |      34 |   0.0 |   926
           D:8 |       0 |    5247 |   0.0 |       0 |      27 |   0.0 |  1112
           D:9 |       0 |    1643 |   0.0 |       0 |      30 |   0.0 |  1091
          D:10 |       0 |    6049 |   0.0 |       0 |      51 |   0.0 |  1742
          D:11 |       0 |    3907 |   0.0 |       0 |      28 |   0.0 |   619
          D:12 |       0 |    7338 |   0.0 |       0 |      56 |   0.0 |   949
          D:13 |       0 |    5875 |   0.0 |       0 |      23 |   0.0 |   791
          D:14 |       0 |   15017 |   0.0 |       0 |      43 |   0.0 |   604
        Lair:1 |       0 |    3563 |   0.0 |       0 |      13 |   0.0 |   827
        Lair:2 |       0 |    7626 |   0.0 |       0 |      26 |   0.0 |   975
        Lair:3 |       0 |   12477 |   0.0 |       0 |      33 |   0.0 |   900
        Lair:4 |       0 |    5484 |   0.0 |       0 |      36 |   0.0 |  1019
        Lair:5 |       0 |   10308 |   0.0 |       0 |      33 |   0.0 |   825
        Lair:6 |       0 |   17616 |   0.0 |       0 |      50 |   0.0 |  1209
         Orc:1 |       0 |    4918 |   0.0 |       0 |      38 |   0.0 |   628
         Orc:2 |       0 |   18531 |   0.0 |       0 |     131 |   0.0 |  1501
           Lab |       0 |    5207 |   0.0 |       0 |      17 |   0.0 |  1166
         Sewer |       0 |     300 |   0.0 |       0 |      48 |   0.0 |   550
         IceCv |       0 |    9727 |   0.0 |       0 |      36 |   0.0 |  1039
       Volcano |       0 |    4613 |   0.0 |       0 |      15 |   0.0 |   367
               +---------+---------+-------+---------+---------+-------+---------
